 Dungeon Crawl Stone Soup version 0.22.1-5-g62c59d919a (webtiles) character file.

1151 Gabide the Chopper (level 8, -1/62 HPs)
             Began as a Human Wanderer on Jan 14, 2019.
             Was a Believer of Trog.
             Slain by Pepega's ghost (6 damage)
             ... on level 6 of the Dungeon.
             The game lasted 00:19:26 (6303 turns).

Gabide the Chopper (Human Wanderer)                 Turns: 6303, Time: 00:19:26

Health: -1/62      AC:  8    Str: 16    XL:     8   Next: 65%
Magic:  0/8        EV: 14    Int: 10    God:    Trog [**....]
Gold:   266        SH:  0    Dex: 19    Spells: 7/7 levels left

rFire    . . .     SeeInvis +   a - +4 hand axe
rCold    . . .     Gourm    .   c - +0 buckler
rNeg     . . .     Faith    .   j - +1 scale mail
rPois    .         Spirit   +   (no helmet)
rElec    .         Reflect  .   (no cloak)
rCorr    +         Harm     .   (no gloves)
MR       .....                  (no boots)
Stlth    +.........             r - amulet of guardian spirit
HPRegen  0.20/turn              g - ring of resist corrosion
MPRegen  0.11/turn              l - ring of see invisible

@: confused, agile
A: no striking features
a: Berserk, Trog's Hand, Renounce Religion


You were on level 6 of the Dungeon.
You worshipped Trog.
Trog was pleased with you.
You were hungry.

You visited 1 branch of the dungeon, and saw 6 of its levels.
You also visited: Sewer.

You collected 266 gold pieces.

Inventory:

Hand Weapons
 a - a +4 hand axe (weapon)
 o - a +0 blowgun
Missiles
 h - 3 tomahawks (quivered)
 q - 43 poisoned needles
 z - a throwing net
Armour
 c - a +0 buckler (worn)
 j - a +1 scale mail (worn)
Jewellery
 g - a ring of resist corrosion (left hand)
 l - a ring of see invisible (right hand)
 r - an amulet of guardian spirit (around neck)
Wands
 s - a wand of acid (8)
 v - a wand of disintegration (7)
Scrolls
 b - 4 scrolls of teleportation
 i - a scroll of remove curse
Potions
 d - a potion of berserk rage {unknown}
 e - 2 potions of haste {unknown}
 k - 5 potions of heal wounds {unknown}
 m - 5 potions of curing {unknown}
 n - a potion of ambrosia {unknown}
 p - 3 potions of brilliance {unknown}
 t - a potion of flight {unknown}
 u - a potion of agility
 w - a potion of might {unknown}
 B - a potion of lignification {unknown}
Comestibles
 f - 6 rations


   Skills:
 + Level 5.0 Fighting
   Level 3.0 Short Blades
 * Level 6.8 Axes
 + Level 0.1 Throwing
 * Level 5.2 Armour
 - Level 0.1 Dodging
 - Level 1.0 Stealth
 + Level 1.7 Shields
 + Level 0.1 Evocations


You had 7 spell levels left.
You didn't know any spells.
Your spell library was empty.

Dungeon Overview and Level Annotations

Branches:
Dungeon (6/15)             Temple (0/1) D:4

Altars:
Ashenzari
Cheibriados
Kikubaaqudgha
Makhleb
Nemelex Xobeh
Qazlal
Ru
Trog
Vehumet
Xom
Yredelemnul
The Shining One

Annotations:
D:6 Pepega's ghost, novice DECj


Message History

You hit Pepega's ghost.
Pepega's ghost is lightly damaged.
Pepega's ghost gestures at you while chanting.
The orb of energy hits you!
The orb of energy explodes!
You closely miss Pepega's ghost.
Pepega's ghost is lightly damaged.
Pepega's ghost points at you and mumbles some strange words.
The spray of energy hits you!
You are confused.
You hit Pepega's ghost.
Pepega's ghost is moderately damaged.
Pepega's ghost gestures at you while chanting.
The spray of energy hits you!
* * * LOW HITPOINT WARNING * * *
You're too confused!
You bump into the translucent stone wall.
Pepega's ghost hits you!
* * * LOW HITPOINT WARNING * * *
You bump into the stone wall.
Pepega's ghost hits you!
You die...

...# #=#########.# ...#
#)# # #.# ##############.#
. #.# ..............># .#
#.# ##########.###.###.#
#.# #.# #.#... #.#
#.###.#.# #.#
#########.......#######.#
#.............#@#.....#.#
#...............W≈≈≈≈)#.#
##............##.#....$#.#
..............##########.#
..............#####.##.#.#
.............)[........#.#
..............########.#.#
.........)....+..........#
.#............########.###


You could see Pepega's ghost.

Vanquished Creatures
  A sky beast (D:6)
  2 centaurs
  An ogre (D:5)
  3 big kobolds (Sewer)
  A water moccasin zombie (D:5)
  A scorpion (D:4)
  A howler monkey (D:6)
  A bullfrog zombie (D:5)
  2 jellies
  A bullfrog skeleton (D:4)
  A hound (D:4)
  An orc wizard (D:6)
  An iguana (D:4)
  2 worker ants
  A worker ant zombie (D:6)
  5 adders
  5 river rats (Sewer)
  A shadow imp (D:5)
  2 oozes
  2 worms
  2 dart slugs
  9 leopard geckos
  7 orcs
  3 giant cockroaches
  2 goblins
  3 hobgoblins
  5 jackals (D:3)
  2 quokkas
  7 ball pythons
  6 bats
  7 frilled lizards
  17 kobolds
  26 rats
131 creatures vanquished.

Notes
Turn   | Place    | Note
-------+----------+-------------------------------------------
     0 | D:1      | Gabide the Human Wanderer began the quest for the Orb.
     0 | D:1      | Gabide set off with: a +2 hand axe, a scroll of
                  | teleportation, a +0 buckler, a +0 robe, a ration
     0 | D:1      | Reached XP level 1. HP: 18/18 MP: 1/1
   104 | D:1      | Reached XP level 2. HP: 17/24 MP: 2/2
   826 | D:2      | Reached XP level 3. HP: 24/30 MP: 3/3
   966 | D:2      | Found a snail-covered altar of Cheibriados.
  1681 | D:3      | Reached XP level 4. HP: 13/37 MP: 4/4
  1886 | D:3      | Found a bloodstained altar of Trog.
  1886 | D:3      | Found a sparkling altar of Nemelex Xobeh.
  1886 | D:3      | Found a shattered altar of Ashenzari.
  1887 | D:3      | Found a glowing golden altar of the Shining One.
  1887 | D:3      | Found a sacrificial altar of Ru.
  1890 | D:3      | Reached skill level 2 in Axes
  1891 | D:3      | Found a basalt altar of Yredelemnul.
  1894 | D:3      | Found a stormy altar of Qazlal.
  1898 | D:3      | Found an ancient bone altar of Kikubaaqudgha.
  1912 | D:3      | Became a worshipper of Trog the Wrathful
  2071 | D:3      | Noticed a centaur
  2085 | D:3      | Killed a centaur
  2085 | D:3      | Reached skill level 3 in Axes
  2085 | D:3      | Reached XP level 5. HP: 10/42 MP: 5/5
  2852 | D:4      | Found a staircase to the Ecumenical Temple.
  2886 | D:4      | Found a glowing drain.
  2888 | D:4      | Reached XP level 6. HP: 47/48 MP: 4/6
  3074 | Sewer    | Entered a sewer
  3381 | Sewer    | Reached skill level 4 in Axes
  3399 | Sewer    | Reached * piety under Trog
  3706 | Sewer    | Reached XP level 7. HP: 55/55 MP: 7/7
  3937 | Sewer    | Reached ** piety under Trog
  3953 | Sewer    | Reached skill level 5 in Axes
  4846 | D:5      | Entered Level 5 of the Dungeon
  4863 | D:5      | Found Ofopp's Armour Shop.
  5002 | D:5      | Reached XP level 8. HP: 57/61 MP: 5/8
  5201 | D:5      | Found a radiant altar of Vehumet.
  5224 | D:5      | Found a shimmering altar of Xom.
  5552 | D:5      | Reached skill level 6 in Axes
  5798 | D:6      | Reached skill level 5 in Armour
  5853 | D:6      | Reached skill level 5 in Fighting
  6192 | D:6      | Found a burning altar of Makhleb.
  6292 | D:6      | Found a runed door.
  6293 | D:6      | Noticed Pepega's ghost (novice DECj)
  6303 | D:6      | Slain by Pepega's ghost

Skill      XL: |  1  2  3  4  5  6  7  8 |
---------------+-------------------------+-----
Fighting       | 4 5 |  5.0
Axes           | 3 4 5 6 |  6.8
Armour         | 2 3 4 5 |  5.2
Short Blades   | |  3.0
Throwing       | |  0.1
Dodging        | |  0.1
Stealth        | |  1.0
Shields        | |  1.7
Evocations     | |  0.1

Action                   |  1- 3 |  4- 6 |  7- 9 || total
-------------------------+-------+-------+-------++-------
Melee: Hand axe          |    89 |   131 |   175 ||   395
 Fire: Blowgun           |     3 |       |       ||     3
Evoke: Wand              |       |     2 |       ||     2
  Use: Scroll            |     4 |     6 |     6 ||    16
       Potion            |       |       |     1 ||     1
  Eat: Chunk             |     2 |     3 |     8 ||    13
       Ration            |       |     1 |       ||     1
Armor: Robe              |     4 |       |       ||     4
       Scale mail        |    29 |    64 |    60 ||   153
Dodge: Dodged            |    37 |    58 |    63 ||   158
Block: Buckler           |    14 |    24 |    34 ||    72
